 Dungeon Crawl Stone Soup version 0.18-a0-1157-g59db91b (webtiles) character file.

339 thrall606 the Shield-Bearer (level 6, -7/48 HPs)
             Began as a Demonspawn Fighter on Jan 23, 2016.
             Mangled by Edmund
             ... wielding a +4 dire flail
              (8 damage)
             ... on level 4 of the Dungeon.
             The game lasted 00:11:35 (3695 turns).

thrall606 the Shield-Bearer (Demonspawn Fighter)    Turns: 3695, Time: 00:11:35

Health: -7/48      AC: 17    Str: 17    XL:     6   Next: 29%
Magic:  6/6        EV:  8    Int:  9    God:
Gold:   173        SH: 10    Dex: 19    Spells: 0 memorised, 5 levels left

rFire  x . .     SeeInvis .     i - +0 mace (crush)
rCold  + . .     Gourm    .     j - +0 plate armour
rNeg   + . .     Faith    .     c - +0 shield
rPois  .         Spirit   .     (no helmet)
rElec  .         Dismiss  .     d - +2 cloak
rCorr  .         Reflect  .     o - +0 pair of gloves
SustAt .         Harm     .     (no boots)
MR     .....                    (no amulet)
Stlth  ..........               x - ring of positive energy
                                s - ring of ice

@: agile, not resistant to hostile enchantments, extremely unstealthy
A: talons 2, icy blue scales 1, demonic guardian 1, powered by pain 1
a: no special abilities


You were on level 4 of the Dungeon.
You were not hungry.

You visited 1 branch of the dungeon, and saw 4 of its levels.

You collected 173 gold pieces.

Inventory:

Hand Weapons
 a - a +0 long sword
 i - a +0 mace of crushing (weapon)
Missiles
 u - 96 stones (quivered)
Armour
 b - a +0 scale mail
 c - a +0 shield (worn)
 d - a +2 cloak (worn)
 j - a +0 plate armour (worn)
 n - a +0 cloak
 o - a +0 pair of gloves (worn)
Jewellery
 f - an uncursed ring of protection from fire {unknown}
 s - a ring of ice (left hand)
 x - a ring of positive energy (right hand)
Scrolls
 e - a scroll of noise
 h - 3 scrolls of immolation {unknown}
 l - 2 scrolls of magic mapping
 q - 2 scrolls of identify
 v - a scroll of remove curse
 w - 2 scrolls of amnesia {unknown}
Potions
 p - a potion of cancellation
Comestibles
 g - a beef jerky
 k - a slice of pizza
 r - a meat ration
 t - a bread ration


   Skills:
 + Level 4.1 Fighting
 + Level 2.2 Long Blades
 + Level 1.5 Maces & Flails
 + Level 3.8 Armour
 + Level 1.0 Dodging
 + Level 4.4 Shields


You had 5 spell levels left.
You didn't know any spells.

Dungeon Overview and Level Annotations

Branches:
Dungeon (4/15)
 Temple: D:4-7

Altars:
Fedhas
Qazlal

Annotations:
D:4 Edmund, Grinder


Innate Abilities, Weirdness & Mutations

You have razor-sharp toenails.
You are partially covered in icy blue scales (AC +1).
A weak demonic guardian rushes to your aid.
You sometimes gain a little power by taking damage.


Message History

Drink which item? (? for menu, Esc to quit)
It was a potion of agility.
You feel more agile all of a sudden. You block its attack.
Your iron imp barely misses something.
You hit something. Your kick misses something. Something hits you.
* * * LOW HITPOINT WARNING * * *
Your iron imp barely misses something.
Something hits you!
* * * LOW HITPOINT WARNING * * *
You hit something but do no damage. You claw something.
Your iron imp disappears in a puff of smoke!
Something hits you but does no damage.
You hit something. Your kick misses something.
Something hits you but does no damage.
You hit something but do no damage. You claw something.
Something hits you but does no damage.
Your plate armour prevents you from hitting something.
Your kick misses something. Something hits you.
* * * LOW HITPOINT WARNING * * *
Something hits you!
You die...

#######.#### #.# #.# #.#
######### #.# #.......#
#.# #.#####.# #.# #.#
###.##########.###
#.###...........@....#
#.......########{.......
..# #####.### ##...####
#.# #.# #.## #.# #.# .#
#.# #####.##### .# #.#
#)........# # #.#
#.###.###.# #.## #.#
#.###.## ###..#


There were no monsters in sight!

Vanquished Creatures
  A scorpion (D:4)
  A giant frog skeleton (D:4)
  2 hounds (D:4)
  An orc wizard (D:3)
  Crazy Yiuf (D:2)
  3 adders
  A river rat (D:3)
  An ooze (D:1)
  5 worms
  5 giant geckos
  5 orcs (D:3)
  4 ball pythons
  7 bats
  A giant cockroach (D:3)
  6 hobgoblins (D:1)
  4 giant newts
  12 goblins
  A jackal skeleton (D:4)
  9 kobolds
  A quokka skeleton (D:4)
  11 rats
82 creatures vanquished.

Vanquished Creatures (collateral kills)
  An orc wizard (D:3)
  An orc (D:3)
2 creatures vanquished.

Grand Total: 84 creatures vanquished

Notes
Turn   | Place    | Note
--------------------------------------------------------------
     0 | D:1      | thrall606 the Demonspawn Fighter began the quest for the Orb.
     0 | D:1      | Reached XP level 1. HP: 18/18 MP: 1/1
   161 | D:1      | Gained mutation: You have sharp toenails. [demonic ancestry]
   161 | D:1      | Reached XP level 2. HP: 17/24 MP: 2/2
  1149 | D:2      | Gained mutation: You sometimes gain a little power by taking damage. [demonic ancestry]
  1149 | D:2      | Reached XP level 3. HP: 27/29 MP: 3/3
  1355 | D:2      | Found a stormy altar of Qazlal.
  1366 | D:2      | Found a blossoming altar of Fedhas.
  1482 | D:2      | Found a blossoming altar of Fedhas.
  1536 | D:2      | Noticed Crazy Yiuf
  1552 | D:2      | Killed Crazy Yiuf
  1896 | D:3      | Gained mutation: A weak demonic guardian rushes to your aid. [demonic ancestry]
  1896 | D:3      | Reached XP level 4. HP: 36/36 MP: 4/4
  2815 | D:4      | Reached skill level 1 in Maces & Flails
  2815 | D:4      | Gained mutation: You are partially covered in icy blue scales (AC +1). [demonic ancestry]
  2815 | D:4      | Reached XP level 5. HP: 38/42 MP: 5/5
  2858 | D:4      | Noticed Grinder
  3036 | D:3      | Reached skill level 1 in Dodging
  3039 | D:3      | Reached skill level 4 in Fighting
  3182 | D:4      | Gained mutation: You have razor-sharp toenails. [demonic ancestry]
  3182 | D:4      | Reached XP level 6. HP: 46/48 MP: 6/6
  3674 | D:4      | Noticed Edmund
  3691 | D:4      | HP: 1/48 [something (8)]
  3695 | D:4      | Mangled by Edmund

Vault maps used:
D:1:      lemuel_arrival_funnel, st_stairs_14, minmay_vboxes
D:2:      grunt_temple_overflow_forces_of_nature, fedhas_altar_4,
          uniq_crazy_yiuf_cottage
D:3:      portal_sewer_entry_e
D:4:      uniq_grinder, uniq_edmund

Action                   |  1- 3 |  4- 6 || total
-------------------------+-------+-------++-------
Melee: Long sword        |   124 |       ||   124
       Mace              |     2 |   235 ||   237
  Use: Scroll            |     8 |       ||     8
       Potion            |     5 |     1 ||     6
 Stab: Invisible         |     1 |       ||     1
  Eat: Chunk             |     3 |     2 ||     5
       Bread ration      |       |     1 ||     1
